 Dungeon Crawl Stone Soup version 0.29.1-2-gbd0b4ee654 (webtiles) character file.

Game seed: 1303302642395557270

351 qeuew the Skirmisher (level 6, -1/51 HPs)
             Began as a Gnoll Hunter on Nov 4, 2022.
             Slain by miserystealer's ghost (9 damage)
             ... on level 3 of the Dungeon.
             The game lasted 00:07:18 (2924 turns).

qeuew the Skirmisher (Gnoll Hunter)                 Turns: 2924, Time: 00:07:19

Health: -1/51      AC:  9    Str: 11    XL:     6   Next: 61%
Magic:  9/9        EV:  9    Int:  8    God:
Gold:   147        SH:  9    Dex: 17    Spells: 9/9 levels left

rFire   . . .      SeeInvis .   o - +0 long sword
rCold   . . .      Faith    .   j - +0 kite shield
rNeg    . . .      Spirit   .   h - +1 scale mail of Gravity {rCorr}
rPois   .          Reflect  .   (no helmet)
rElec   .          Harm     .   (no cloak)
rCorr   +          Rampage  .   a - +1 pair of gloves
Will    .....                   (no boots)
Stlth   +.........              (no amulet)
HPRegen 0.17/turn               (no ring)
MPRegen 0.11/turn               (no ring)

@: no status effects
A: fangs 1, strong nose, distributed training
a: no special abilities


You were on level 3 of the Dungeon.
You visited 1 branch of the dungeon, and saw 3 of its levels.
You also visited: Sewer.

You collected 147 gold pieces.

Inventory:

Hand Weapons
 c - the +7 sling of Pezeih {vorpal, rElec rN+}
   (You found it on level 2 of the Dungeon)

   Any ammunition fired from it inflicts extra damage upon your enemies.
   rElec:     It insulates you from electricity.
   rN:        It protects you from negative energy.
 o - a +0 long sword (weapon)
Armour
 a - a +1 pair of gloves (worn)
 h - the +1 scale mail of Gravity (worn) {rCorr}
   (You found it on level 2 of the Dungeon)

   rCorr:     It protects you from acid and corrosion.
 j - a +0 kite shield (worn)
Jewellery
 k - a +4 ring of slaying
 m - an amulet of magic regeneration
Wands
 f - a wand of flame (18)
Scrolls
 b - 2 scrolls of immolation
 d - a scroll of brand weapon
 g - a scroll of identify
 i - 2 scrolls of amnesia {unknown}
 l - 2 scrolls of blinking {unknown}
 n - a scroll of teleportation {unknown}
Potions
 e - 2 potions of curing


   Skills:
 + Level 5.0 Fighting
 + Level 2.1 Short Blades
 + Level 2.1 Long Blades
 + Level 2.1 Axes
 + Level 2.1 Maces & Flails
 + Level 2.1 Polearms
 + Level 2.1 Staves
 + Level 8.8 Ranged Weapons
 + Level 2.1 Throwing
 + Level 2.1 Armour
 + Level 5.0 Dodging
 + Level 3.2 Stealth
 + Level 2.1 Shields
 + Level 2.1 Unarmed Combat
 + Level 2.1 Spellcasting
 + Level 1.6 Conjurations
 + Level 1.6 Hexes
 + Level 1.6 Summonings
 + Level 1.6 Necromancy
 + Level 1.6 Translocations
 + Level 1.6 Transmutations
 + Level 1.6 Fire Magic
 + Level 1.6 Ice Magic
 + Level 1.6 Air Magic
 + Level 1.6 Earth Magic
 + Level 1.6 Poison Magic
 + Level 2.3 Invocations
 + Level 2.1 Evocations


You had 9 spell levels left.
You didn't know any spells.
Your spell library contained the following spells:

 Spells                   Type           Power      Damage    Failure   Level
 Blink                    Tloc           6%         N/A       99%         2
 Inner Flame              Hex/Fire       3%         N/A       100%        3
 Lesser Beckoning         Tloc           3%         N/A       100%        3
 Portal Projectile        Hex/Tloc       6%         N/A       100%        3
 Tukima's Dance           Hex            3%         N/A       100%        3
 Cause Fear               Hex            1%         N/A       100%        4
 Blade Hands              Tmut           1%         N/A       100%        5
 Manifold Assault         Tloc           3%         N/A       100%        5
 Discord                  Hex            1%         N/A       100%        8


Dungeon Overview and Level Annotations

Branches:
Dungeon (3/15)              Sewer (visited)

Altars:
Nemelex Xobeh

Shops:
D:1 *

Annotations:
D:3 1 transporter, miserystealer's ghost, amateur MfTm


Innate Abilities, Weirdness & Mutations

You have very sharp teeth.
Your uncanny sense of smell can sniff out nearby items.
Your experience applies equally to all skills.


Message History

You slash the gnoll!
You kill the gnoll!
The gnoll hits you from afar with a +0 spear.
You barely miss miserystealer's ghost. You block the gnoll's attack.
Miserystealer's ghost hits you. The gnoll hits you but does no damage.
You block miserystealer's ghost's attack.
You closely miss miserystealer's ghost.
The gnoll hits you from afar with a +0 spear.
Miserystealer's ghost hits you.
* * * LOW HITPOINT WARNING * * *
You miss miserystealer's ghost. The gnoll hits you but does no damage.
Miserystealer's ghost hits you but does no damage.
You block the gnoll's attack.
Miserystealer's ghost closely misses you.
Really read the scroll of immolation?
Okay, then.
You feel better. The gnoll hits you but does no damage.
Miserystealer's ghost hits you!
* * * LOW HITPOINT WARNING * * *
Miserystealer's ghost attacks as you move away!
Miserystealer's ghost barely misses you.
Things that are here:
the +8 halberd of Awkwardness {chaos, rCorr Int+6 Dex-4}; a gnoll corpse Miserystealer's ghost barely misses you.
The gnoll zaps a wand.
The bolt of dispelling energy misses you.
There is an open translucent door, spattered with blood here.
You see here a +0 whip.
The gnoll attacks as you move away! The gnoll hits you but does no damage.
Miserystealer's ghost attacks as you move away!
Miserystealer's ghost hits you but does no damage.
Miserystealer's ghost attacks as you move away!
You block miserystealer's ghost's attack.
There is a transporter landing site here.
There is an open translucent door here.
Miserystealer's ghost attacks as you move away!
Miserystealer's ghost hits you!
* * * LOW HITPOINT WARNING * * *
Miserystealer's ghost hits you!
You die...

# ###############################
###.............................#
................................#
##.#.≈≈≈≈≈≈≈≈≈≈≈...≈≈≈≈≈≈≈≈≈≈≈..#
##.#.≈≈≈≈≈≈≈≈≈≈≈...≈≈≈≈≈≈≈≈≈≈≈..#
#...≈≈#####...........#####≈≈..#
###.≈≈#g#g#.###.©.###.#.#g#≈≈..#
#.≈≈#...###.#####.###...#≈≈..#
####.≈≈###......@........###≈≈.##
.....≈≈.8#.##'###W######.#8.≈≈.#
###..≈≈.##.#..P#.g8#[..#.##.≈≈.#
#....~~.#..'...).©⌠#:..'..#.~~.#
..##.≈≈.##.#P..#P.8#...#.##.≈≈.#
####.≈≈.8#.##'###)######.#8.≈≈.#
.....≈≈###.........)...).###≈≈.#
####.≈≈#...###©#####.###...#≈≈.#
#.≈≈#.#g#.###.©.###.#.#.#≈≈.#


You could see miserystealer's ghost and a gnoll.

Vanquished Creatures
  2 bullfrogs (Sewer)
  4 gnolls (D:3)
  8 adders
  2 worms
  2 dart slugs (D:1)
  14 bats
  6 endoplasms
  7 giant cockroaches
  5 goblins
  2 hobgoblins
  4 jackals (D:1)
  6 kobolds
  11 quokkas
  15 ball pythons
  8 frilled lizards
  12 rats
108 creatures vanquished.

Vanquished Creatures (others)
  3 plants (D:3)
3 creatures vanquished.

Grand Total: 111 creatures vanquished

Notes
Turn   | Place    | Note
-------+----------+-------------------------------------------
     0 | D:1      | qeuew the Gnoll Hunter began the quest for the Orb.
     0 | D:1      | Reached XP level 1. HP: 20/20 MP: 1/1
   105 | D:1      | Reached XP level 2. HP: 26/26 MP: 2/2
   318 | D:1      | Found Urhieqik's Assorted Antiques.
   334 | D:1      | Reached XP level 3. HP: 31/31 MP: 3/3
   470 | D:1      | Found a faded altar of an unknown god.
   518 | D:1      | Reached skill level 1 in Invocations
   860 | D:1      | Reached skill level 1 in Short Blades
   860 | D:1      | Reached skill level 1 in Long Blades
   860 | D:1      | Reached skill level 1 in Axes
   860 | D:1      | Reached skill level 1 in Maces & Flails
   860 | D:1      | Reached skill level 1 in Polearms
   860 | D:1      | Reached skill level 1 in Staves
   860 | D:1      | Reached skill level 1 in Throwing
   860 | D:1      | Reached skill level 1 in Armour
   860 | D:1      | Reached skill level 1 in Shields
   860 | D:1      | Reached skill level 1 in Unarmed Combat
   860 | D:1      | Reached skill level 1 in Spellcasting
   860 | D:1      | Reached skill level 1 in Evocations
  1296 | D:2      | Reached XP level 4. HP: 38/38 MP: 5/5
  1605 | D:2      | Found a sparkling altar of Nemelex Xobeh.
  1634 | D:2      | Identified the +1 scale mail of Gravity {rCorr}
  1778 | D:2      | Identified the +7 sling of Pezeih {vorpal, rElec rN+}
  1977 | D:3      | Reached skill level 1 in Conjurations
  1977 | D:3      | Reached skill level 1 in Hexes
  1977 | D:3      | Reached skill level 1 in Summonings
  1977 | D:3      | Reached skill level 1 in Necromancy
  1977 | D:3      | Reached skill level 1 in Translocations
  1977 | D:3      | Reached skill level 1 in Transmutations
  1977 | D:3      | Reached skill level 1 in Fire Magic
  1977 | D:3      | Reached skill level 1 in Ice Magic
  1977 | D:3      | Reached skill level 1 in Air Magic
  1977 | D:3      | Reached skill level 1 in Earth Magic
  1977 | D:3      | Reached skill level 1 in Poison Magic
  2169 | D:3      | Found a transporter.
  2170 | D:3      | Identified the +8 halberd of Awkwardness {chaos, rCorr
                  | Int+6 Dex-4}
  2284 | D:3      | Found a transporter.
  2477 | D:3      | Found a glowing drain.
  2480 | D:3      | Reached XP level 5. HP: 43/43 MP: 7/7
  2489 | Sewer    | Entered a sewer
  2662 | Sewer    | Reached XP level 6. HP: 46/50 MP: 8/8
  2669 | Sewer    | Reached skill level 5 in Fighting
  2669 | Sewer    | Reached skill level 5 in Dodging
  2900 | D:3      | Noticed miserystealer's ghost (amateur MfTm)
  2924 | D:3      | Slain by miserystealer's ghost

Illustrated notes

Levels and vault maps discovered:
D:1:      scummos_arrival_simple_crosswalls, layout_loops_corners,
          shapermc_ecumenical_altar_flowoftime, serial_shops, shop,
          minmay_nonomino_d4
D:2:      layout_loops_cross, basic_altar, solitary_fountain, solitary_fountain
D:3:      layout_rooms, portal_sewer_entry_b, gammafunk_ghost_gnarly_gnolls,
          nicolae_kite_square_tiling_tiny

Skill      XL: |  1  2  3  4  5  6 |
---------------+-------------------+-----
Invocations    | 1 2 |  2.3
Short Blades   | 1 2 |  2.1
Long Blades    | 1 2 |  2.1
Axes           | 1 2 |  2.1
Maces & Flails | 1 2 |  2.1
Polearms       | 1 2 |  2.1
Staves         | 1 2 |  2.1
Throwing       | 1 2 |  2.1
Armour         | 1 2 |  2.1
Shields        | 1 2 |  2.1
Unarmed Combat | 1 2 |  2.1
Spellcasting   | 1 2 |  2.1
Evocations     | 1 2 |  2.1
Conjurations   | 1 |  1.6
Hexes          | 1 |  1.6
Summonings     | 1 |  1.6
Necromancy     | 1 |  1.6
Translocations | 1 |  1.6
Transmutations | 1 |  1.6
Fire Magic     | 1 |  1.6
Ice Magic      | 1 |  1.6
Air Magic      | 1 |  1.6
Earth Magic    | 1 |  1.6
Poison Magic   | 1 |  1.6
Stealth        | 3 |  3.2
Fighting       | 5 |  5.0
Dodging        | 5 |  5.0
Ranged Weapons | |  8.8

Action                   |  1- 3 |  4- 6 || total
-------------------------+-------+-------++-------
Melee: Long sword        |       |     7 ||     7
       Bite              |       |     2 ||     2
 Fire: Shortbow          |   100 |    14 ||   114
       Sling             |       |   111 ||   111
  Use: Scroll            |     2 |     1 ||     3
       Potion            |     2 |     1 ||     3
Armor: Leather armour    |    11 |       ||    11
       Scale mail        |       |    25 ||    25
Dodge: Dodged            |    17 |    27 ||    44
Block: Kite shield       |       |    18 ||    18
